Map: Orbital Shipyard

Players

xKawaiian - Winner!

  • Race: Terran Terran
  • League: Master

IIIIIIIIIII

  • Race: Terran Terran
  • League: Master

VOD

Have the link to the VOD?

Description

Time

  • Played on: Jan. 10, 2016, 4:38 p.m.
  • Length: 2:14
Show
View Real Time Build Order
Export as new Build Order

xKawaiian Terran - Winner!

Build Orders:  

Get SALT Encoding   

  12  0:01  SCV  
  13  0:13  SCV  
  14  0:17  Supply Depot  
  14  0:25  SCV  
  15  0:39  SCV  
  15  0:40  Barracks  
  16  0:46  Refinery  
  16  0:51  SCV  
  16  0:52  Refinery  
  17  1:03  SCV  
  18  1:15  SCV  
  19  1:27  Marine  
  19  1:28  Bunker  
  20  1:35  Orbital Command  
  20  1:45  Marine  
  21  1:52  Supply Depot  
Show
View Real Time Build Order
Export as new Build Order

IIIIIIIIIII Terran 

Build Orders:  

Get SALT Encoding   

  12  0:00  SCV  
  13  0:13  Supply Depot  
  13  0:40  Barracks  
  13  0:51  Barracks  
  13  1:04  Barracks  
  13  1:06  SCV  
  14  1:23  Barracks  
  14  1:30  Marine  
  14  1:40  Marine  
  14  1:48  Marine  
Tags
 
Add a new tag
Caveats
  • Supply blocks, unpowered buildings, or Contaminate may cause inaccurate times.
  • Supply counts are checked every 10 seconds.